 Dungeon Crawl Stone Soup version 0.31-a0-881-ge136f0c47a (webtiles) character file.

Game seed: 9570521709178300466

88 Ekaitz the Magician (level 4, -1/24 HPs)
             Began as a Deep Elf Hedge Wizard on Oct 15, 2023.
             Slain by a gnoll
             ... wielding a +0 club
              (6 damage)
             ... on level 3 of the Dungeon.
             The game lasted 00:04:23 (2579 turns).

Ekaitz the Magician (Deep Elf Hedge Wizard)         Turns: 2579, Time: 00:04:23

Health: -1/24      AC:  3    Str:  7    XL:     4   Next: 30%
Magic:  1/13       EV: 13    Int: 19    God:
Gold:   233        SH:  0    Dex: 16    Spells: 6/14 levels left

rFire   . . .        a - +2 dagger (venom)
rCold   . . .        (no shield)
rNeg    . . .        b - +0 robe
rPois   .            c - +0 hat
rElec   .            p - +0 cloak
rCorr   +            (no gloves)
SInv    .            (no boots)
Will    .....        (no amulet)
Stlth   ++           k - ring of resist corrosion
HPRegen 0.24/turn    (no ring)
MPRegen 0.13/turn

%: no passive effects
@: on blink cooldown, very slightly contaminated
A: no striking features
a: no special abilities


You were on level 3 of the Dungeon.
You visited 1 branch of the dungeon, and saw 3 of its levels.

You collected 233 gold pieces.

Inventory:

Hand Weapons
 a - a +2 dagger of venom (weapon)
 l - a +2 dagger of venom
Missiles
 h - 4 poisoned darts
 m - 4 curare-tipped darts
Armour
 b - a +0 robe (worn)
 c - a +0 hat (worn)
 j - a scarf of resistance
 p - a +0 cloak (worn)
Jewellery
 k - a ring of resist corrosion (left hand)
Scrolls
 e - 2 scrolls of identify {unknown}
 f - a scroll of immolation {unknown}
 n - a scroll of blinking {unknown}
 o - a scroll of enchant armour {unknown}
Potions
 d - a potion of magic
 g - a potion of brilliance {unknown}
 i - 2 potions of invisibility {unknown}


   Skills:
 * Level 0.6 Fighting
 + Level 0.1 Short Blades
 * Level 3.0 Dodging
 + Level 2.7 Stealth
 + Level 5.6 Spellcasting
 * Level 1.7 Conjurations
 * Level 1.8 Summonings
 * Level 1.5 Translocations


You had 6 spell levels left.
You knew the following spells:

 Your Spells              Type           Power      Damage    Failure   Level
a - Magic Dart            Conj           44%        1d5       6%          1
b - Call Imp              Summ           24%        N/A       9%          2
c - Mephitic Cloud        Conj/Pois/Air  7%         N/A       28%         3
k - Blink                 Tloc           22%        N/A       10%         2

Your spell library contained the following spells:

 Spells                   Type           Power      Damage    Failure   Level
 Slow                     Hex            20%        N/A       12%         1
 Cigotuvi's Dreadful Rot  Necr/Pois/Air  10%        N/A       17%         2
 Gell's Gravitas          Tloc           11%        N/A       19%         3
 Teleport Other           Tloc           11%        N/A       19%         3
 Dispersal                Tloc           5%         N/A       100%        6


Dungeon Overview and Level Annotations

Branches:
Dungeon (3/15)

Altars:


Message History

Press: ? - help, Shift-Dir - straight line, f/p - gnoll
Aim: a gnoll, wielding a +0 club (almost dead, unaware, hasn't noticed you, 100% to hit)
The magic dart hits the gnoll.
The gnoll is almost dead.
The gnoll shouts!
Unknown command.
You barely miss the gnoll.
The gnoll is almost dead.
The gnoll closely misses you.
You barely miss the gnoll.
The gnoll is almost dead.
The gnoll misses you.
You barely miss the gnoll.
The gnoll is almost dead.
The gnoll hits you with a +0 club.
You hit the gnoll.
You kill the gnoll!
Your Dodging skill increases to level 3!
You hit the gnoll.
The gnoll is poisoned.
The gnoll is lightly wounded.
The gnoll barely misses you.
You hit the gnoll. You punch the gnoll, but do no damage.
The gnoll is heavily wounded.
The gnoll hits you with a +0 club.
Casting: Magic Dart (safe; 6% risk of failure)
Confirm with . or Enter, or press ? or * to list all spells.
You miscast Blink.
You are very lightly contaminated with residual magic.
Nothing appears to happen.
The gnoll hits you with a +0 club.
* * * LOW HITPOINT WARNING * * *
Casting: Blink (safe; 10% risk of failure)
Confirm with . or Enter, or press ? or * to list all spells.
You blink.
Unknown command.
Casting: Blink (safe; 10% risk of failure)
Confirm with . or Enter, or press ? or * to list all spells.
Okay, then.
The gnoll barely misses you. The gnoll attacks as it pursues you!
The gnoll hits you with a +0 club.
You die...

###### ##########
.....###...)..g.##
####.##...#####gg##
# #.....⌠.....#@.#
#..#.....##..#.#
#...⌠...⌠.##.#.#
#......g..##...#
##....>g..###### ##
#........# .#
#>.⌠.§.⌠.# .#
.........## .#
###.).⌠.##


You could see 3 gnolls.

Vanquished Creatures
  A gnoll (D:3)
  An adder (D:2)
  A dart slug (D:2)
  2 ball pythons
  5 bats
  3 endoplasms
  2 giant cockroaches
  3 goblins
  5 hobgoblins
  A quokka (D:3)
  4 frilled lizards
  6 kobolds
  4 rats
38 creatures vanquished.

Vanquished Creatures (collateral kills)
  Jessica (D:3)
  A hobgoblin (D:2)
  A kobold (D:1)
3 creatures vanquished.

Grand Total: 41 creatures vanquished

Notes
Turn   | Place    | Note
-------+----------+-------------------------------------------
     0 | D:1      | Ekaitz the Deep Elf Hedge Wizard began the quest for the
                  | Orb.
     0 | D:1      | Reached XP level 1. HP: 10/10 MP: 7/7
   322 | D:1      | Reached XP level 2. HP: 15/15 MP: 4/9
   325 | D:1      | Learned a level 2 spell: Call Imp
   328 | D:1      | Learned a level 2 spell: Blink
   404 | D:1      | You fall into a shaft and drop 1 floor!
  1109 | D:1      | Found a faded altar of an unknown god.
  1613 | D:2      | Reached XP level 3. HP: 20/20 MP: 6/11
  1617 | D:2      | Learned a level 3 spell: Mephitic Cloud
  1978 | D:2      | Reached skill level 5 in Spellcasting
  2313 | D:3      | Noticed Jessica
  2319 | D:3      | Killed Jessica
  2320 | D:3      | Reached XP level 4. HP: 24/24 MP: 8/13
  2579 | D:3      | Slain by a gnoll

Illustrated notes

Levels and vault maps discovered:
D:1:      saegor_arrival_simple_b, layout_rooms,
          hellmonk_ecumenical_altar_arch_garden
D:2:      layout_basic
D:3:      layout_loops_cross, grunt_ministairs_2, minmay_pentangle, uniq_jessica

Skill      XL: |  1  2  3  4 |
---------------+-------------+-----
Spellcasting   | 5 |  5.6
Dodging        | 3 |  3.0
Fighting       | |  0.6
Short Blades   | |  0.1
Stealth        | |  2.7
Conjurations   | |  1.7
Summonings     | |  1.8
Translocations | |  1.5

Action                     |  1- 3 |  4- 6 || total
---------------------------+-------+-------++-------
  Melee: Dagger            |    18 |    11 ||    29
         Punch             |       |     1 ||     1
   Cast: Magic Dart        |    78 |     9 ||    87
         Call Imp          |     3 |     3 ||     6
         Blink             |     3 |     2 ||     5
   Stab: Sleeping          |     5 |       ||     5
 Armour: Robe              |    16 |     8 ||    24
  Dodge: Dodged            |    13 |     8 ||    21

Table legend: (Time is in decaauts)
 A = Elapsed time spent in this place.
 B = Non-inter-level travel time spent in this place.
 C = Inter-level travel time spent in this place.
 D = Time resting spent in this place.
 E = Time spent auto-exploring this place.
 F = Levels seen in this place.
 G = Mean time per level.
                   A        B        C        D        E       F      G
               +--------+--------+--------+--------+--------+-----+--------+
         Total |   2577 |   2435 |    142 |      0 |   2107 |   3 |  859.0 |
       Dungeon |   2577 |   2435 |    142 |      0 |   2107 |   3 |  859.0 |
               +--------+--------+--------+--------+--------+-----+--------+

Top non-repeatable levels by time:
     D:2: 1312 daAuts
     D:1: 840 daAuts
     D:3: 424 daAuts
